 Dungeon Crawl Stone Soup version 0.29.1-15-g9cfb28693d (webtiles) character file.

Game seed: 8156549576563982542

76 Wiggles the Chopper (level 4, 0/39 HPs)
             Began as a Minotaur Berserker on Mar 28, 2023.
             Was a Priest of Trog.
             Slain by Eustachio
             ... wielding a +2 falchion of protection
              (2 damage)
             ... on level 4 of the Dungeon.
             The game lasted 00:04:47 (2480 turns).

Wiggles the Chopper (Minotaur Berserker)            Turns: 2480, Time: 00:04:47

Health: 0/39       AC: 15    Str: 24    XL:     4   Next: 12%
Magic:  3/3        EV:  6    Int: 10    God:    Trog [***...]
Gold:   163        SH:  6    Dex:  9    Spells: 3/3 levels left

rFire   . . .      SeeInvis .   a - +0 hand axe
rCold   . . .      Faith    .   g - +0 kite shield
rNeg    . . .      Spirit   .   u - +0 chain mail
rPois   .          Reflect  .   (helmet restricted)
rElec   .          Harm     .   p - +0 cloak
rCorr   .          Rampage  .   (no gloves)
Will    .....                   v - +0 pair of boots
Stlth   ..........              (no amulet)
HPRegen 0.13/turn               e - +4 ring of protection
MPRegen 0.08/turn               f - +6 ring of intelligence

@: on berserk cooldown, slowed, very slow
A: horns 2, retaliatory headbutt
a: Renounce Religion, Berserk, Trog's Hand


You were on level 4 of the Dungeon.
You worshipped Trog.
Trog was most pleased with you.
You visited 1 branch of the dungeon, and saw 4 of its levels.

You collected 163 gold pieces.

Inventory:

Hand Weapons
 a - a +0 hand axe (weapon)
Missiles
 j - 5 poisoned darts (quivered)
Armour
 g - a +0 kite shield (worn)
 p - a +0 cloak (worn)
 u - a +0 chain mail (worn)
 v - a +0 pair of boots (worn)
Jewellery
 e - a +4 ring of protection (left hand)
 f - a +6 ring of intelligence (right hand)
Scrolls
 c - 6 scrolls of identify {unknown}
 h - 4 scrolls of teleportation {unknown}
 i - 4 scrolls of amnesia {unknown}
 k - a scroll of brand weapon {unknown}
 m - a scroll of noise {unknown}
 r - 3 scrolls of butterflies {unknown}
 s - a scroll of fear {unknown}
Potions
 b - a potion of magic {unknown}
 d - 2 potions of curing {unknown}
 l - a potion of ambrosia {unknown}
 n - a potion of might {unknown}
 o - 2 potions of heal wounds {unknown}
 q - a potion of brilliance
 t - a potion of degeneration {unknown}


   Skills:
 - Level 3.6 Fighting
 + Level 5.9 Axes
 + Level 0.6 Throwing
 - Level 2.4 Armour
 - Level 2.1 Dodging


You had 3 spell levels left.
You didn't know any spells.
Your spell library was empty.

Dungeon Overview and Level Annotations

Branches:
Dungeon (4/15)
 Temple: D:4-7

Altars:
Ashenzari
Nemelex Xobeh
Okawaru

Annotations:
D:4 Eustachio


Innate Abilities, Weirdness & Mutations

You have a pair of horns on your head.
You reflexively headbutt those who attack you in melee.


Message History

Eustachio gestures wildly while chanting.
Eustachio blinks!
You feel your anger nearly subside.
You are no longer berserk.
You are exhausted.
You feel yourself slow down. Eustachio hits you but does no damage.
Eustachio hits you with a +2 falchion of protection.
There is a stone staircase leading up here.
You hit Eustachio.
Eustachio is lightly wounded.
Eustachio hits you with a +2 falchion of protection!
Eustachio asks, "How can you live without manners, virtues and honour?"
Eustachio drinks a potion.
Eustachio's spells are empowered!
You hit Eustachio. Your headbutt misses Eustachio.
Eustachio is moderately wounded.
Eustachio hits you with a +2 falchion of protection.
Eustachio hits you with a +2 falchion of protection!
You barely miss Eustachio.
Eustachio is moderately wounded.
Eustachio barely misses you.
You slash Eustachio!
Eustachio is heavily wounded.
Eustachio mumbles some strange words.
Eustachio blinks!
Eustachio gestures wildly while chanting.
The bat hits you but does no damage.
Eustachio hits you with a +2 falchion of protection!
* * * LOW HITPOINT WARNING * * *
The bat hits you but does no damage.
Eustachio hits you with a +2 falchion of protection.
* * * LOW HITPOINT WARNING * * *
You block the rat's attack.
Eustachio hits you with a +2 falchion of protection.
* * * LOW HITPOINT WARNING * * *
The rat bites you but does no damage. The bat barely misses you.
You closely miss Eustachio.
Eustachio is moderately wounded.
You barely miss the bat. You hit the rat.
The bat hits you but does no damage. x2
Eustachio hits you with a +2 falchion of protection.
You die...

#+# #.# #.#
##.## ##...##
#.b@..#
.####r@.######.#
.......<.......#
.###############


You could see Eustachio (empowered), a bat (summoned) and a rat (summoned).

Vanquished Creatures
  A worm (D:2)
  7 dart slugs
  2 endoplasms
  5 goblins
  5 hobgoblins
  8 kobolds
  4 quokkas
  9 ball pythons
  9 bats
  6 frilled lizards
  4 rats
60 creatures vanquished.

Vanquished Creatures (others)
  2 plants (D:2)
2 creatures vanquished.

Grand Total: 62 creatures vanquished

Notes
Turn   | Place    | Note
-------+----------+-------------------------------------------
     0 | D:1      | Wiggles the Minotaur Berserker began the quest for the Orb.
     0 | D:1      | Reached XP level 1. HP: 19/19 MP: 0/0
    78 | D:1      | Reached skill level 4 in Axes
   109 | D:1      | Reached XP level 2. HP: 24/26 MP: 1/1
   163 | D:1      | Found a faded altar of an unknown god.
   232 | D:1      | Reached ** piety under Trog
   427 | D:1      | Reached skill level 5 in Axes
   519 | D:1      | Reached XP level 3. HP: 31/31 MP: 2/2
  1747 | D:3      | Found a broken altar of Ashenzari.
  1821 | D:3      | Found an iron altar of Okawaru.
  2015 | D:3      | Reached XP level 4. HP: 39/39 MP: 3/3
  2100 | D:3      | Reached *** piety under Trog
  2271 | D:3      | Found a sparkling altar of Nemelex Xobeh.
  2462 | D:4      | Noticed Eustachio
  2479 | D:4      | HP: 1/39 [Eustachio/+2 falchion of protection (3)]
  2480 | D:4      | Slain by Eustachio

Illustrated notes

Levels and vault maps discovered:
D:1:      dpeg_arrival_connections, layout_rooms,
          nicolae_ecumenical_snake_handling, roderic_lattice_a
D:2:      layout_loops_ring, serial_forest, infiniplex_forest_straight_2,
          infiniplex_forest_clump_large, infiniplex_forest_fountain,
          infiniplex_forest_lined_room_2, infiniplex_forest_zigzag_1,
          minivault_26, minmay_misc_feat_four_crosses
D:3:      layout_basic, nemelex_diamond_rough_becter,
          nicolae_overflow_hidden_temple
D:4:      layout_loops_corners, kennysheep_mini, serial_shops, shop,
          grunt_ministairs_6, roderic_st_hans_cross, uniq_eustachio,
          uniq_grinder, uniq_crazy_yiuf_cottage, uniq_duvessa, uniq_menkaure

Skill      XL: |  1  2 |
---------------+-------+-----
Axes           | 4 5 |  5.9
Fighting       | |  3.6
Throwing       | |  0.6
Armour         | |  2.4
Dodging        | |  2.1

Action                   |  1- 3 |  4- 6 || total
-------------------------+-------+-------++-------
Melee: Hand axe          |   103 |    19 ||   122
       Headbutt          |    20 |     2 ||    22
Throw: Dart              |    12 |       ||    12
Invok: Berserk           |       |     1 ||     1
Armor: Animal skin       |    10 |       ||    10
       Leather armour    |    14 |       ||    14
       Chain mail        |    14 |    23 ||    37
Dodge: Dodged            |    57 |     2 ||    59
Block: Kite shield       |     5 |     4 ||     9
